 Dungeon Crawl Stone Soup version 0.31-a0-538-gbc85326fa9 (webtiles) character file.

Game seed: 3209537419378908926

5720 bobarctor the Lord of Darkness (level 10, -2/77 HPs)
             Began as a Demonspawn Monk on Aug 13, 2023.
             Was the Champion of Kikubaaqudgha.
             Slain by a boulder beetle (21 damage)
             ... on level 9 of the Dungeon.
             The game lasted 00:45:09 (7698 turns).

bobarctor the Lord of Darkness (Demonspawn Monk)    Turns: 7698, Time: 00:45:12

Health: -2/77      AC: 10    Str: 17    XL:     10   Next: 48%
Magic:  10/20      EV: 14    Int: 17    God:    Kikubaaqudgha [******]
Gold:   124        SH:  4    Dex: 15    Spells: 1/23 levels left

rFire   . . .        A - +7 hand axe of Untruth {heavy, rCorr}
rCold   . . .        d - orb {light}
rNeg    . . .        t - +1 troll leather armour {Pargi}
rPois   .            (helmet unavailable)
rElec   .            (no cloak)
rCorr   +            R - +2 pair of gloves {infuse}
SInv    .            o - +2 pair of boots
Will    .....        (no amulet)
Stlth   +            Q - +6 ring of strength
HPRegen 1.12/turn    D - ring of wizardry
MPRegen 0.17/turn

%: wizardry (x1), infuse magic (1 MP)
@: glowing
A: horns 3, large bone plates 1, ignite blood 3, powered by death 1, passive
freeze
a: Renounce Religion, Unearth Wretches, Torment, Brand Weapon With Pain, Receive
Forbidden Knowledge


You were on level 9 of the Dungeon.
You worshipped Kikubaaqudgha.
Kikubaaqudgha was exalted by your worship.
You visited 2 branches of the dungeon, and saw 10 of its levels.
You also visited: Ossuary.

You collected 596 gold pieces.
You spent 472 gold pieces at shops.

Inventory:

Hand Weapons
 q - a +0 heavy morningstar
 A - the +7 hand axe of Untruth (weapon) {heavy, rCorr}
   (You found it on level 4 of the Dungeon)

   rCorr:     It protects you from acid and corrosion.
 J - a +3 spear of freezing
 L - a +0 orcbow
 O - a +4 mace
 P - a +2 dire flail
Missiles
 i - 2 curare-tipped darts
 j - 30 poisoned darts
 n - 3 javelins
 I - 9 boomerangs
Armour
 d - an orb of light (worn)
 o - a +2 pair of boots (worn)
 t - a +1 troll leather armour (worn) {Pargi}
 w - a +2 leather armour of positive energy
 B - the +1 leather armour "Atugi" {Harm rC+ Str+3}
   (You found it on level 5 of the Dungeon)

   Str+3:     It affects your strength (+3).
   rC+:       It protects you from cold.
   Harm:      It increases damage dealt and taken.
 R - a +2 pair of gloves of infusion (worn)
Jewellery
 b - a ring of resist corrosion
 f - a ring of fire
 x - a ring of poison resistance
 D - a ring of wizardry (right hand)
 E - a ring of protection from fire
 N - a ring of protection from cold
 Q - a +6 ring of strength (left hand)
Wands
 a - a wand of roots (4)
 u - a wand of polymorph (14)
 K - a wand of mindburst (17)
 M - a wand of acid (12)
Scrolls
 m - 2 scrolls of fear
 v - 3 scrolls of poison
 y - 2 scrolls of teleportation
 G - a scroll of blinking
 S - 2 scrolls of identify
Potions
 c - a potion of ambrosia
 e - 3 potions of haste
 g - 4 potions of attraction
 h - a potion of magic
 k - 2 potions of mutation
 l - 3 potions of curing
 p - 2 potions of berserk rage {unknown}
 r - a potion of brilliance {unknown}
 s - a potion of enlightenment {unknown}
 z - 3 potions of cancellation {unknown}
 C - 2 potions of lignification {unknown}
 F - a potion of degeneration {unknown}
 H - 2 potions of heal wounds


   Skills:
 + Level 6.8 Fighting
 + Level 5.8 Maces & Flails
 - Level 4.0 Armour
 + Level 5.5 Dodging
 + Level 3.1 Shields
 * Level 7.3 Spellcasting
 * Level 7.9 Necromancy


You had one spell level left.
You knew the following spells:

 Your Spells              Type           Power      Damage    Failure   Level
a - Necrotise             Necr           100%       1d9       1%          1
b - Kiss of Death         Conj/Necr      76%        2d11      1%          1
c - Sublimation of Blood  Necr           33%        N/A       1%          2
d - Dispel Undead         Necr           33%        3d14      2%          4
e - Agony                 Necr           33%        N/A       6%          5
f - Anguish               Hex/Necr       9%         N/A       11%         4
g - Borgnjor's Vile Clut  Necr/Erth      9%         N/A       28%         5

Your spell library contained the following spells:

 Spells                   Type           Power      Damage    Failure   Level
 Apportation              Tloc           12%        N/A       6%          1
 Summon Small Mammal      Summ           24%        N/A       6%          1
 Cigotuvi's Dreadful Rot  Necr/Pois/Air  30%        N/A       2%          2
 Call Canine Familiar     Summ           6%         N/A       16%         3
 Portal Projectile        Hex/Tloc       12%        N/A       16%         3
 Summon Guardian Golem    Hex/Summ       6%         N/A       16%         3
 Animate Armour           Summ/Erth      12%        N/A       45%         4
 Leda's Liquefaction      Hex/Erth       3%         N/A       45%         4
 Summon Lightning Spire   Summ/Air       6%         N/A       45%         4
 Alistair's Intoxication  Tmut/Pois      4%         N/A       80%         5
 Lee's Rapid Deconstruct  Erth           3%         3d5*      80%         5


Dungeon Overview and Level Annotations

Branches:
Dungeon (9/15)             Temple (1/1) D:5         Ossuary (visited)
   Lair: D:8-11         Orc: D:9-12

Altars:
Ashenzari
Cheibriados
Dithmenos
Fedhas
Gozag
Hepliaklqana
Kikubaaqudgha
Makhleb
Nemelex Xobeh
Okawaru
Qazlal
Ru
Sif Muna
Uskayaw
Vehumet
Wu Jian
Xom
Yredelemnul

Shops:
D:2 [[([?   D:4 *


Innate Abilities, Weirdness & Mutations

You have a pair of large horns on your head.
You are partially covered in large bone plates. (SH +4)
Your demonic aura causes all spilled blood to erupt in flames.
You regenerate a little health from kills.
A frigid envelope surrounds you and freezes all who hurt you.


Message History

The boulder beetle is heavily wounded.
You hit the boulder beetle.
You headbutt the boulder beetle, but do no damage.
The boulder beetle is heavily wounded.
The boulder beetle bites you!
The boulder beetle is very cold.
The boulder beetle is heavily wounded.
The boulder beetle closely misses you.
You hit the boulder beetle but do no damage.
The boulder beetle is heavily wounded.
The boulder beetle barely misses you. The boulder beetle bites you!
The boulder beetle is very cold.
The boulder beetle is severely wounded.
You hit the boulder beetle.
The boulder beetle is severely wounded.
The boulder beetle bites you!!
* * * LOW HITPOINT WARNING * * *
The boulder beetle is very cold.
The boulder beetle is severely wounded.
The boulder beetle barely misses you.
You hit the boulder beetle.
The boulder beetle is severely wounded.
The boulder beetle bites you.
* * * LOW HITPOINT WARNING * * *
The boulder beetle is very cold.
The boulder beetle is severely wounded.
Casting: Necrotise (safe; 1% risk of failure)
Confirm with . or Enter, or press ? or * to list all spells.
Aiming: Borgnjor's Vile Clutch (quite dangerous; 28% risk of failure)
Press: ? - help, Shift-Dir - straight line, f - boulder beetle
Aim: a boulder beetle (severely wounded, haloed, 100% to hit)
Zombie hands grab the boulder beetle.
The zombie hands constrict the boulder beetle, but do no damage.
The boulder beetle closely misses you.
You hit the boulder beetle but do no damage.
You headbutt the boulder beetle!
The boulder beetle is almost dead.
The zombie hands constrict the boulder beetle, but do no damage.
You block the boulder beetle's attack. The boulder beetle bites you!!
You die...
Kikubaaqudgha rasps: "You have failed me!
Welcome... death!"

#........##
#.........## .
#..........#
..#..........#
.............##
#.............#
#............#
#..☼..<....#
##.B@○.....#
#.........#
####......#
##>..### ###...
#..: ..## .#


You could see a boulder beetle (clutched).

Vanquished Creatures
  Pikel (D:5)
  A hornet (D:8)
  Prince Ribbit (D:5)
  Sigmund (D:5)
  Eustachio (D:4)
  Grum (D:6)
  Menkaure (Ossuary)
  4 black bears
  Pargi (D:3)
  An ice beast (D:6)
  3 orc warriors
  An ogre (D:4)
  A centaur (D:6)
  A phantom (D:6)
  A lemure (D:5)
  3 kobold brigands
  3 gnoll sergeants (D:6)
  4 wights (D:8)
  16 killer bees
  2 howler monkeys
  14 hounds
  4 jellies
  2 gnoll boudas (D:6)
  6 orc priests
  A sleepcap (D:4)
  Natasha (thrice) (D:3)
  3 iguanas
  15 orc wizards
  Terence (D:3)
  3 mummies (Ossuary)
  22 gnolls
  7 adders
  2 white imps
  2 worms
  6 dart slugs
  36 orcs
  2 bats
  5 endoplasms
  A giant cockroach (D:3)
  5 gnoll zombies (Ossuary)
  6 goblins
  12 hobgoblins
  15 jackals
  5 quokkas
  9 ball pythons
  3 frilled lizards
  5 gnoll skeletons (Ossuary)
  A goblin skeleton (Ossuary)
  3 goblin zombies (Ossuary)
  7 hobgoblin skeletons (Ossuary)
  8 hobgoblin zombies (Ossuary)
  23 kobolds
  6 kobold skeletons (Ossuary)
  2 kobold zombies (Ossuary)
  3 orc skeletons (Ossuary)
  3 orc zombies (Ossuary)
  4 rats
  3 rat skeletons (Ossuary)
  4 rat zombies (Ossuary)
310 creatures vanquished.

Notes
Turn   | Place    | Note
-------+----------+-------------------------------------------
     0 | D:1      | bobarctor the Demonspawn Monk began the quest for the Orb.
     0 | D:1      | Reached XP level 1. HP: 18/18 MP: 1/1
     0 | D:1      | Noticed a merfolk zombie
    11 | D:1      | Noticed a minotaur zombie
    13 | D:1      | Noticed a merfolk zombie
   160 | D:1      | Gained mutation: You regenerate a little health from kills.
                  | [demonic ancestry]
   160 | D:1      | Reached XP level 2. HP: 18/24 MP: 2/2
   371 | D:1      | Gained mutation: Your demonic aura sometimes causes spilled
                  | blood to erupt in flames. [demonic ancestry]
   371 | D:1      | Reached XP level 3. HP: 18/29 MP: 4/4
   383 | D:1      | Reached skill level 1 in Spellcasting
   959 | D:2      | Found Licwyuban's Weapon Boutique.
  1094 | D:2      | Gained mutation: You are partially covered in large bone
                  | plates. (SH +4) [demonic ancestry]
  1094 | D:2      | Reached XP level 4. HP: 18/35 MP: 5/5
  1185 | D:2      | Found Soohalae's Magic Scroll Emporium.
  1226 | D:2      | Found Qurimp's Armour Shop.
  1308 | D:2      | Found Xeunepn's Antique Armour Emporium.
  1314 | D:2      | Bought a runed helmet for 187 gold pieces
  1354 | D:2      | Found Boiq's Armour Emporium.
  1663 | D:3      | Noticed Pargi
  1827 | D:3      | Found a faded altar of an unknown god.
  1841 | D:3      | Noticed Natasha
  1846 | D:3      | Killed Natasha
  1863 | D:3      | Gained mutation: Your demonic aura often causes spilled
                  | blood to erupt in flames. [demonic ancestry]
  1863 | D:3      | Reached XP level 5. HP: 41/41 MP: 7/7
  1889 | D:3      | Found an ancient bone altar of Kikubaaqudgha.
  1920 | D:3      | Became a worshipper of Kikubaaqudgha
  1920 | D:3      | Reached * piety under Kikubaaqudgha
  1920 | D:3      | Received a gift from Kikubaaqudgha
  1920 | D:3      | Reached ** piety under Kikubaaqudgha
  1923 | D:3      | Learned a level 1 spell: Necrotise
  2011 | D:3      | Learned a level 1 spell: Kiss of Death
  2062 | D:3      | Killed Pargi
  2063 | D:3      | Gained mutation: You have a pair of small horns on your
                  | head. [demonic ancestry]
  2063 | D:3      | Reached XP level 6. HP: 31/48 MP: 7/9
  2153 | D:3      | Noticed Terence
  2160 | D:3      | Killed Terence
  2466 | D:3      | Noticed Natasha
  2470 | D:3      | Killed Natasha
  2655 | D:4      | Reached skill level 5 in Maces & Flails
  2655 | D:4      | Reached skill level 1 in Armour
  2655 | D:4      | Reached skill level 1 in Necromancy
  2661 | D:4      | Gained mutation: Your demonic aura causes all spilled blood
                  | to erupt in flames. [demonic ancestry]
  2661 | D:4      | Reached XP level 7. HP: 48/54 MP: 9/11
  2722 | D:4      | Reached skill level 1 in Shields
  2738 | D:4      | Noticed Eustachio
  2749 | D:4      | Killed Eustachio
  3108 | D:4      | Learned a level 2 spell: Sublimation of Blood
  3121 | D:4      | Found a burning altar of Makhleb.
  3180 | D:4      | Found Reeweugh's General Store.
  3347 | D:4      | Identified the +7 hand axe of Untruth {heavy, rCorr}
  3451 | D:5      | Entered Level 5 of the Dungeon
  3504 | D:5      | Reached XP level 8. HP: 61/61 MP: 1/12
  3614 | D:5      | Found a hazy altar of Hepliaklqana.
  3665 | D:5      | Identified the +1 leather armour "Atugi" {Harm rC+ Str+3}
  3744 | D:5      | Found a staircase to the Ecumenical Temple.
  3768 | D:5      | Noticed Sigmund
  3782 | D:5      | Killed Sigmund
  3789 | D:5      | Reached *** piety under Kikubaaqudgha
  3789 | D:5      | Received a gift from Kikubaaqudgha
  3871 | D:5      | Found a sparkling altar of Nemelex Xobeh.
  3906 | D:5      | Learned a level 4 spell: Dispel Undead
  3926 | D:5      | Noticed Prince Ribbit
  3926 | D:5      | Noticed Pikel
  3958 | D:5      | Killed Pikel
  3959 | D:5      | Reached skill level 5 in Spellcasting
  3959 | D:5      | Reached skill level 5 in Necromancy
  4016 | D:5      | Killed Prince Ribbit
  4017 | D:5      | Gained mutation: You have a pair of horns on your head.
                  | [demonic ancestry]
  4017 | D:5      | Reached XP level 9. HP: 61/66 MP: 10/17
  4457 | Temple   | Entered the Ecumenical Temple
  4672 | D:6      | Reached **** piety under Kikubaaqudgha
  4715 | D:6      | Reached skill level 5 in Fighting
  4815 | D:6      | Noticed Grum
  4819 | D:6      | Killed Grum
  4959 | D:6      | Found a hide-covered altar of Uskayaw.
  4962 | D:6      | Found a shimmering altar of Xom.
  5275 | D:7      | Found a sand-covered staircase.
  5292 | Ossuary  | Entered an ossuary
  5307 | Ossuary  | Reached ***** piety under Kikubaaqudgha
  5631 | Ossuary  | Noticed Menkaure
  5639 | Ossuary  | Killed Menkaure
  5737 | Ossuary  | Gained mutation: A frigid envelope surrounds you and
                  | freezes all who hurt you. [potion of mutation]
  5737 | Ossuary  | Gained mutation: You have a pair of large horns on your
                  | head. [potion of mutation]
  5749 | D:7      | Reached XP level 10. HP: 75/76 MP: 20/20
  5791 | D:7      | Learned a level 5 spell: Agony
  5796 | D:7      | Learned a level 4 spell: Anguish
  5802 | D:7      | Learned a level 5 spell: Borgnjor's Vile Clutch
  6256 | D:7      | Reached skill level 5 in Dodging
  6260 | D:7      | Reached ****** piety under Kikubaaqudgha
  7360 | D:3      | Noticed Natasha
  7363 | D:3      | Killed Natasha
  7459 | D:2      | Bought a pair of runed gloves for 187 gold pieces
  7530 | D:2      | Bought a scroll of teleportation for 42 gold pieces
  7530 | D:2      | Bought a scroll of identify for 28 gold pieces
  7530 | D:2      | Bought a scroll of identify for 28 gold pieces
  7687 | D:9      | Noticed a boulder beetle
  7698 | D:9      | Slain by a boulder beetle

Illustrated notes

Levels and vault maps discovered:
D:1:      shiori_arrival_whats_in_store_for_you, layout_basic
D:2:      layout_loops_ring, serial_shops, nicolae_shop_tiny_real_fake_doors,
          nicolae_shop_competitors_out_of_business, nicolae_shop_crystal,
          shop_statue, shop
D:3:      layout_rooms, old_standard_altar, hellmonk_ecumenical_altar_zigzags,
          kennysheep_another_room, uniq_natasha, uniq_terence, uniq_pargi
D:4:      layout_gridville, lemuel_round_altar, serial_shops, shop,
          uniq_eustachio
D:5:      layout_loops_ring, nzn_hepliaklqana_mist_gate,
          nemelex_xobeh_ov_fountains_minmay, minmay_temple_entry_mist,
          corexii_checkpoint_b, uniq_sigmund, uniq_pikel, uniq_prince_ribbit1
D:6:      layout_cave_pools, grunt_temple_overflow_diamond, serial_gnoll_camp,
          gnoll_camp_huts_basic, gnoll_camp_medium_02, grums_kennel,
          gnoll_camp_mini_doghouse
D:7:      layout_loops_ring, lightli_ossuary_entry_decrepit_ruins
D:8:      layout_basic, nicolae_water_bricks
D:9:      layout_cave_pods, due_lair_maze_entry_diamond,
          chequers_serial_rivers_micro_c, uniq_harold
Temple:   nicolae_temple_two_arcs

Skill      XL: |  1  2  3  4  5  6  7  8  9 10 |
---------------+-------------------------------+-----
Maces & Flails | 3 4 5 |  5.8
Dodging        | 3 4 5 |  5.5
Spellcasting   | 1 2 3 5 6 7 |  7.3
Fighting       | 4 5 6 |  6.8
Armour         | 1 2 3 4 |  4.0
Necromancy     | 1 2 5 7 |  7.9
Shields        | 1 2 3 |  3.1

Action                     |  1- 3 |  4- 6 |  7- 9 | 10-12 || total
---------------------------+-------+-------+-------+-------++-------
  Melee: Mace              |   107 |    41 |       |       ||   148
         Morningstar       |       |    54 |    33 |       ||    87
         Headbutt          |       |    14 |    45 |    22 ||    81
         Hand axe          |       |       |   201 |    97 ||   298
   Cast: Necrotise         |       |       |    35 |       ||    35
         Borgnjor's Vile C |       |       |       |     1 ||     1
  Evoke: Wand              |       |       |       |     1 ||     1
    Use: Scroll            |       |       |    16 |       ||    16
         Potion            |       |       |     1 |       ||     1
 Armour: Robe              |    13 |    17 |       |       ||    30
         Troll leather arm |       |    11 |    63 |    31 ||   105
  Dodge: Dodged            |    79 |    96 |   148 |    82 ||   405
  Block: Orb               |       |    26 |    42 |    21 ||    89

Table legend: (Time is in decaauts)
 A = Elapsed time spent in this place.
 B = Non-inter-level travel time spent in this place.
 C = Inter-level travel time spent in this place.
 D = Time resting spent in this place.
 E = Time spent auto-exploring this place.
 F = Levels seen in this place.
 G = Mean time per level.
                   A        B        C        D        E       F      G
               +--------+--------+--------+--------+--------+-----+--------+
         Total |   7978 |   7142 |    836 |    495 |   4343 |  11 |  725.3 |
       Dungeon |   7468 |   6632 |    836 |    454 |   4258 |   9 |  829.8 |
        Temple |     15 |     15 |      0 |      0 |      0 |   1 |   15.0 |
       Ossuary |    493 |    493 |      0 |     41 |     85 |   1 |  493.0 |
               +--------+--------+--------+--------+--------+-----+--------+

Top non-repeatable levels by time:
     D:2: 1181 daAuts
     D:5: 1143 daAuts
     D:4: 918 daAuts
     D:3: 908 daAuts
     D:1: 850 daAuts
     D:7: 846 daAuts
     D:6: 802 daAuts
     D:8: 802 daAuts
 Ossuary: 493 daAuts
  Temple: 15 daAuts
     D:9: 15 daAuts
